 Dungeon Crawl Stone Soup version 0.26-a0-649-gf8c6c3aab7 (webtiles) character file.

Game seed: 7511469926145625309

3486 Lavandula the Magician (level 10, -3/71 HPs)
             Began as an Octopode Hedge Wizard on Sept 26, 2020.
             Was a Believer of Cheibriados.
             Killed by nerve-wracking pain
             ... invoked by an orc priest
              (7 damage)
             ... on level 9 of the Dungeon.
             The game lasted 00:35:20 (11477 turns).

Lavandula the Magician (Octopode Hedge Wizard)     Turns: 11477, Time: 00:35:20

Health: -3/71      AC:  1    Str: 16    XL:     10   Next: 7%
Magic:  11/21      EV: 13    Int: 24    God:    Cheibriados [**....]
Gold:   432        SH:  0    Dex: 16    Spells: 12/23 levels left

rFire    . . .     SeeInvis +     - Unarmed
rCold    + . .     Faith    .   (no shield)
rNeg     . . .     Spirit   .   b - +0 hat
rPois    +         Reflect  .   i - amulet of magic regeneration
rElec    .         Harm     .   k - -4 ring of evasion (curse)
rCorr    .         Rampage  .   g - ring of protection from cold
MR       .....                  n - ring of see invisible
Stlth    +++.......             w - ring of poison resistance
HPRegen  0.21/turn              (no ring)
MPRegen  0.42/turn              (no ring)
                                (no ring)
                                (no ring)

@: very slow
A: almost no armour, stealthy swim, amphibious, 8 rings, constrict 8, camouflage
1, gelatinous body 1
a: Bend Time, Renounce Religion


You were on level 9 of the Dungeon.
You worshipped Cheibriados.
Cheibriados was pleased with you.
You visited 2 branches of the dungeon, and saw 10 of its levels.
You also visited: Sewer.

You collected 432 gold pieces.

Inventory:

Armour
 b - a +0 hat (worn)
Magical Staves
 c - an uncursed staff of earth {unknown}
Jewellery
 g - a ring of protection from cold (right tentacle)
 i - an amulet of magic regeneration (around mantle)
 k - a cursed -4 ring of evasion (left tentacle)
 n - a ring of see invisible (on tentacle)
 w - a ring of poison resistance (on tentacle)
Wands
 m - a wand of polymorph (15)
Scrolls
 a - 5 scrolls of amnesia
 d - 2 scrolls of immolation
 h - 4 scrolls of blinking
 j - 2 scrolls of magic mapping
 o - a scroll of vulnerability {unknown}
 r - 3 scrolls of fear {unknown}
 s - 3 scrolls of remove curse {unknown}
 x - a scroll of enchant armour {unknown}
Potions
 f - a potion of brilliance
 l - a potion of heal wounds {unknown}
 p - 4 potions of lignification {unknown}
 q - a potion of cancellation {unknown}
 t - a potion of stabbing {unknown}
 u - 3 potions of flight {unknown}
 v - a potion of resistance {unknown}
 z - a potion of mutation {unknown}


   Skills:
 + Level 7.1 Fighting
 - Level 6.0 Dodging
 - Level 2.6 Stealth
 - Level 4.0 Unarmed Combat
 - Level 7.3 Spellcasting
 - Level 5.8 Conjurations
 - Level 2.5 Summonings
 - Level 1.0 Translocations


You had 12 spell levels left.
You knew the following spells:

 Your Spells              Type           Power        Failure   Level
a - Magic Dart            Conj           ####         1%          1
b - Blink                 Tloc           N/A          7%          2
c - Call Imp              Summ           ###.....     3%          2
d - Conjure Flame         Conj/Fire      ###.....     6%          3
e - Mephitic Cloud        Conj/Pois/Air  ###.....     10%         3

Your spell library contained the following spells:

 Spells                   Type           Power        Failure   Level
 Slow                     Hex            #.......     11%         2


Dungeon Overview and Level Annotations

Branches:
Dungeon (9/15)             Temple (1/1) D:6            Lair (0/6) D:8
  Sewer (visited)
    Orc: D:9-12

Altars:
Ashenzari
Cheibriados
Dithmenos
Elyvilon
Fedhas
Gozag
Hepliaklqana
Kikubaaqudgha
Makhleb
Nemelex Xobeh
Okawaru
Ru
Sif Muna
Trog
Uskayaw
Vehumet
Wu Jian
Xom
Yredelemnul
Zin
The Shining One

Shops:
D:8 =


Innate Abilities, Weirdness & Mutations

You cannot wear most types of armour.
You are very stealthy in the water. (Stealth+)
You are amphibious.
You can wear up to eight rings at the same time.
You can use your tentacles to constrict eight enemies at once.
Your skin changes colour to match your surroundings (Stealth+).
Your rubbery body absorbs attacks. (AC +1, EV +1)


Message History

Aim: an orc warrior, wielding a +0 dire flail and wearing a +0 plate armour The ball explodes into a vile cloud!
The stinking cloud engulfs the orc warrior but does no damage.
Your white imp gestures at the orc warrior.
The puff of frost misses the orc warrior.
Your crimson imp hits the orc priest but does no damage.
The orc warrior is engulfed in noxious fumes.
The orc warrior appears confused.
Evoke which item? (* to show all) (? for menu, Esc to quit)
Okay, then.
Casting: Mephitic Cloud (dangerous; 10% risk of failure)
Confirm with . or Enter, or press ? or * to list all spells.
Press: ? - help, Shift-Dir - straight line, p - orc warrior The ball explodes into a vile cloud!
The stinking cloud engulfs the orc priest but does no damage.
The orc priest is lightly wounded.
The orc priest is engulfed in noxious fumes.
The orc priest invokes the aid of Beogh against you.
Pain shoots through your body!
You die...

#..o###''#...############...
###§#....#..................
#.#....#....#####.........
#.#....#....# #.........
#.######....# #.........
#...........# #.........
#.5.o○......# #.......##
#..5☼.°°☼...# #.......#.
#.....○○○@### #+#######.
#.....☼o..# #. #.........#
#. ###.......# #. ####....#
#= #....# #. ###### #. #. #.


You could see an orc warrior (confused), an orc priest, a friendly crimson imp
(summoned) and a friendly white imp (summoned).

Vanquished Creatures
  A wyvern (D:8)
  2 yaks (D:9)
  Sigmund (D:5)
  A porcupine (D:8)
  A sky beast (D:8)
  An orc warrior (D:8)
  A phantom (D:3)
  3 ogres
  3 bullfrogs
  2 scorpions
  A howler monkey (D:6)
  A hound (D:6)
  A gnoll shaman (D:8)
  A jelly (D:6)
  An iguana (D:4)
  2 orc wizards
  3 worker ants
  A worker ant zombie (D:8)
  5 gnolls (D:8)
  4 adders
  A river rat (D:4)
  2 white imps
  An ufetubus (D:5)
  2 oozes
  2 adder skeletons
  A worm (D:4)
  5 dart slugs
  6 leopard geckos
  18 orcs
  A ball python (D:3)
  12 giant cockroaches
  3 hobgoblins
  5 jackals
  5 quokkas
  7 bats
  7 frilled lizards
  7 goblins
  A jackal zombie (D:5)
  9 kobolds
  8 rats
139 creatures vanquished.

Vanquished Creatures (collateral kills)
  Erica (D:9)
  Prince Ribbit (D:5)
  A hippogriff (D:7)
  A yak (D:9)
  A water moccasin (D:7)
  5 porcupines (D:8)
  An ice beast (D:8)
  A black bear (D:8)
  An ogre (D:8)
  A crocodile (Sewer)
  2 scorpions (D:8)
  A jelly (D:9)
  A hound (D:9)
  A bullfrog skeleton (D:4)
  2 orc priests (D:3)
  An iguana (D:4)
  An orc wizard (D:3)
  2 worker ants (D:8)
  11 gnolls
  4 adders
  A worm (D:2)
  A leopard gecko (D:4)
  9 orcs
  2 giant cockroaches
  2 goblins (D:2)
  2 jackals (Sewer)
  3 kobolds
  A leopard gecko skeleton (D:4)
61 creatures vanquished.

Vanquished Creatures (others)
  55 fungi (D:8)
  43 plants (D:8)
98 creatures vanquished.

Grand Total: 298 creatures vanquished

Notes
Turn   | Place    | Note
-------+----------+-------------------------------------------
     0 | D:1      | Lavandula the Octopode Hedge Wizard began the quest for the
                  | Orb.
     0 | D:1      | Reached XP level 1. HP: 11/11 MP: 4/4
   230 | D:1      | Reached XP level 2. HP: 17/17 MP: 3/6
   952 | D:1      | Reached skill level 1 in Unarmed Combat
   952 | D:1      | Reached XP level 3. HP: 20/21 MP: 8/8
  1095 | D:1      | Learned a level 2 spell: Blink
  1098 | D:1      | Learned a level 2 spell: Call Imp
  1102 | D:1      | Learned a level 3 spell: Conjure Flame
  1269 | D:2      | Found a basalt altar of Yredelemnul.
  1270 | D:2      | Found a bloodstained altar of Trog.
  1274 | D:2      | Found a hazy altar of Hepliaklqana.
  1275 | D:2      | Found an ornate altar of the Wu Jian Council.
  1275 | D:2      | Found a shimmering blue altar of Sif Muna.
  2007 | D:2      | Reached XP level 4. HP: 27/27 MP: 5/9
  2059 | D:2      | Found a sacrificial altar of Ru.
  2446 | D:2      | Found a glowing silver altar of Zin.
  2728 | D:3      | Found a broken altar of Ashenzari.
  3189 | D:3      | Reached XP level 5. HP: 30/31 MP: 5/10
  3296 | D:3      | Found a glowing golden altar of the Shining One.
  4108 | D:3      | Reached skill level 1 in Fighting
  4237 | D:3      | Learned a level 3 spell: Mephitic Cloud
  4609 | D:4      | Found a glowing drain.
  4613 | Sewer    | Entered a sewer
  4721 | Sewer    | Reached XP level 6. HP: 35/39 MP: 6/11
  5179 | D:4      | Found a broken altar of Ashenzari.
  5602 | D:4      | Reached XP level 7. HP: 45/45 MP: 2/12
  5857 | D:5      | Entered Level 5 of the Dungeon
  5857 | D:5      | Noticed Prince Ribbit
  5871 | D:5      | HP: 1/45 [Prince Ribbit (14)]
  6377 | D:5      | Noticed Sigmund
  6394 | D:5      | Killed Sigmund
  6477 | D:5      | Killed Prince Ribbit
  6477 | D:5      | Reached skill level 5 in Conjurations
  7044 | D:5      | Reached XP level 8. HP: 44/51 MP: 10/13
  7393 | D:6      | Found a staircase to the Ecumenical Temple.
  7409 | Temple   | Entered the Ecumenical Temple
  7485 | Temple   | Became a worshipper of Cheibriados the Contemplative
  7722 | D:6      | Found an iron altar of Okawaru.
  8095 | D:3      | Reached skill level 5 in Spellcasting
  8638 | D:7      | Noticed a hippogriff
  9082 | D:7      | Killed a hippogriff
  9220 | D:7      | Noticed a hippogriff
  9297 | D:8      | Reached * piety under Cheibriados
  9491 | D:8      | Found a staircase to the Lair.
  9754 | D:8      | Found Nezuh's Jewellery Shoppe.
 10021 | D:8      | Reached XP level 9. HP: 55/55 MP: 15/20
 10177 | D:8      | Reached ** piety under Cheibriados
 10632 | D:8      | Reached skill level 5 in Dodging
 11285 | D:9      | Noticed Erica
 11312 | D:9      | Killed Erica
 11312 | D:9      | Reached skill level 5 in Fighting
 11442 | D:9      | Reached XP level 10. HP: 64/69 MP: 16/21
 11474 | D:9      | HP: 3/71 [orc priest/divine providence (11)]
 11477 | D:9      | Killed from afar by an orc priest

Illustrated notes

Levels and vault maps discovered:
D:1:      tarquinn_simple_flora_water_f, layout_basic
D:2:      layout_loops_ring, zin_scriptorium, grunt_temple_overflow_open,
          nicolae_ru_path_of_blood
D:3:      minmay_recursive_quarters, layout_loops_ring, tso_metal_star,
          cheibrodos_ashenzari_chains
D:4:      layout_loops_ring, overflow_temple_1_default, gup_sewer_entry_spiral
D:5:      layout_basic, uniq_prince_ribbit1, uniq_sigmund
D:6:      layout_layer_cave, kennysheep_okawaru_gauntlet,
          minmay_temple_entry_slanted
D:7:      layout_basic
D:8:      layout_loops_ring, due_lair_maze_entry_diamond, serial_shops, shop
D:9:      layout_irregular_city, chequers_decorated_corner, kennysheep_path_1,
          minmay_tree_intersection, uniq_erica
Temple:   cyrus_circular_temple

Skill      XL: |  1  2  3  4  5  6  7  8  9 10 |
---------------+-------------------------------+-----
Unarmed Combat | 1 2 4 |  4.0
Dodging        | 3 4 6 |  6.0
Fighting       | 2 6 7 |  7.1
Summonings     | 2 |  2.5
Conjurations   | 2 5 |  5.8
Spellcasting   | 7 |  7.3
Stealth        | |  2.6
Translocations | |  1.0

Action                   |  1- 3 |  4- 6 |  7- 9 | 10-12 || total
-------------------------+-------+-------+-------+-------++-------
Melee: Unarmed           |    30 |    75 |   126 |     6 ||   237
       Constrict         |    12 |    23 |    32 |     1 ||    68
       Tentacles         |     8 |    17 |    35 |     3 ||    63
       Punch             |       |     2 |     1 |       ||     3
 Cast: Magic Dart        |    43 |    97 |   136 |       ||   276
       Call Imp          |    13 |    50 |   114 |     3 ||   180
       Mephitic Cloud    |       |     4 |    25 |     4 ||    33
       Conjure Flame     |       |       |     2 |       ||     2
       Blink             |       |       |     1 |     1 ||     2
Invok: Bend Time         |       |       |     1 |       ||     1
Evoke: Wand              |       |       |     5 |       ||     5
  Use: Scroll            |       |    12 |     3 |       ||    15
       Potion            |       |       |     1 |     1 ||     2
 Stab: Sleeping          |     3 |     3 |     3 |       ||     9
       Confused          |       |     1 |     8 |     2 ||    11
Armor: Skin              |     5 |     4 |    10 |       ||    19
Dodge: Dodged            |    25 |    42 |    58 |     1 ||   126

Table legend: (Time is in decaauts)
 A = Elapsed time spent in this place.
 B = Non-inter-level travel time spent in this place.
 C = Inter-level travel time spent in this place.
 D = Time resting spent in this place.
 E = Time spent auto-exploring this place.
 F = Levels seen in this place.
 G = Mean time per level.
                   A        B        C        D        E       F      G
               +--------+--------+--------+--------+--------+-----+--------+
         Total |  12092 |  11752 |    340 |   3065 |   6511 |  11 | 1099.3 |
       Dungeon |  11737 |  11410 |    327 |   3065 |   6290 |   9 | 1304.1 |
        Temple |     90 |     77 |     13 |      0 |     69 |   1 |   90.0 |
         Sewer |    263 |    263 |      0 |      0 |    152 |   1 |  263.0 |
               +--------+--------+--------+--------+--------+-----+--------+

Top non-repeatable levels by time:
     D:3: 2204 daAuts
     D:8: 2087 daAuts
     D:2: 1473 daAuts
     D:4: 1402 daAuts
     D:5: 1322 daAuts
     D:1: 1122 daAuts
     D:6: 833 daAuts
     D:7: 800 daAuts
     D:9: 492 daAuts
   Sewer: 263 daAuts
  Temple: 90 daAuts
